 Dungeon Crawl Stone Soup version 0.29.1-15-g9cfb28693d (webtiles) character file.

Game seed: 7137407681902746483

16 Mickster the Slasher (level 2, 0/24 HPs)
             Began as a Human Monk on Mar 6, 2023.
             Slain by Terence
             ... wielding a +4 trident of venom
              (5 damage)
             ... on level 2 of the Dungeon.
             The game lasted 00:07:34 (568 turns).

Mickster the Slasher (Human Monk)                    Turns: 568, Time: 00:07:35

Health: 0/24       AC:  8    Str: 11    XL:     2   Next: 70%
Magic:  2/2        EV:  5    Int: 10    God:
Gold:   50         SH:  0    Dex: 15    Spells: 1/1 levels left

rFire   . . .      SeeInvis .   a - +0 falchion
rCold   . . .      Faith    .   (no shield)
rNeg    . . .      Spirit   .   g - +0 chain mail
rPois   .          Reflect  .   (no helmet)
rElec   .          Harm     .   (no cloak)
rCorr   .          Rampage  .   (no gloves)
Will    .....                   (no boots)
Stlth   ..........              (no amulet)
HPRegen 0.08/turn               (no ring)
MPRegen 0.08/turn               (no ring)

@: lethally poisoned (0 -> -15)
A: no striking features
a: no special abilities


You were on level 2 of the Dungeon.
You visited 1 branch of the dungeon, and saw 2 of its levels.

You collected 50 gold pieces.

Inventory:

Hand Weapons
 a - a +0 falchion (weapon)
 d - a +0 war axe
Missiles
 e - 20 stones
 h - 6 curare-tipped darts (quivered)
 j - 6 boomerangs
Armour
 b - a +0 robe
 f - a +0 ring mail
 g - a +0 chain mail (worn)
Wands
 i - a wand of charming (11)
Scrolls
 c - 2 scrolls of teleportation


   Skills:
 + Level 3.1 Fighting
 * Level 3.5 Long Blades
 + Level 3.1 Dodging
 + Level 2.0 Stealth


You had one spell level left.
You didn't know any spells.
Your spell library contained the following spells:

 Spells                   Type           Power      Damage    Failure   Level
 Shock                    Conj/Air       0%         1d3       100%        1
 Swiftness                Air            0%         N/A       100%        3
 Tukima's Dance           Hex            0%         N/A       100%        3
 Airstrike                Air            0%         2d(0-16)  100%        4
 Passage of Golubria      Tloc           0%         N/A       100%        4
 Yara's Violent Unravell  Hex/Tmut       0%         3d3       100%        5


Dungeon Overview and Level Annotations

Branches:
Dungeon (2/15)

Altars:

Annotations:
D:2 Terence


Message History

You hit the giant cockroach.
You kill the giant cockroach!
The goblin hits you but does no damage. The goblin hits you but does no damage.
You hit the goblin.
The goblin is moderately wounded.
The goblin barely misses you.
You completely miss the goblin. The goblin hits you but does no damage.
You hit the goblin.
You kill the goblin!
You see here a +0 dagger.
You now have 44 gold pieces (gained 4).
There is a stone staircase leading up here.
You open the door.
There is an open door here.
Found 6 gold pieces.
Found a stone staircase leading down.
Found 6 boomerangs.
You now have 50 gold pieces (gained 6).
There is a stone staircase leading down here.
You see here 6 boomerangs.
j - 6 boomerangs
There is a stone staircase leading up here.
You open the door.
Terence the Incautious comes into view.
He is wielding a +4 trident of venom.
Terence barely misses you.
There is an open door here.
Terence hits you with a +4 trident of venom.
You are poisoned.
You closely miss Terence.
You feel sick.
Terence hits you with a +4 trident of venom.
You are more poisoned.
You closely miss Terence.
You feel very sick. Terence hits you but does no damage.
You are lethally poisoned!
You barely miss Terence.
* * * LOW HITPOINT WARNING * * *
You feel very sick.
Terence hits you with a +4 trident of venom.
You die...

.^.......###.#####
######..## #.# #.
#..####.# ## #.......#
##...##### ## ##.....##
## ##.. ##.......## ##.
.#....###.........####..
......@@'....<....'.....
.#....###.........####..
##.. ##...†)..## ##. ...
##.....## ## ... ##...##
.. ##'## . #.# #.#
#######.##


You could see Terence.

Vanquished Creatures
  An endoplasm (D:2)
  A giant cockroach (D:2)
  A goblin (D:2)
  A hobgoblin (D:1)
  4 jackals (D:1)
  2 kobolds (D:1)
  A bat (D:1)
  2 rats (D:1)
13 creatures vanquished.

Notes
Turn   | Place    | Note
-------+----------+-------------------------------------------
     0 | D:1      | Mickster the Human Monk began the quest for the Orb.
     0 | D:1      | Reached XP level 1. HP: 18/18 MP: 1/1
    81 | D:1      | Reached XP level 2. HP: 9/24 MP: 2/2
   226 | D:1      | Found a faded altar of an unknown god.
   563 | D:2      | Noticed Terence
   568 | D:2      | Slain by Terence

Illustrated notes

Levels and vault maps discovered:
D:1:      noname_arrival_rooms_in_the_neighbourhood, layout_rooms,
          hellmonk_ecumenical_altar_lost_god
D:2:      minmay_inner_zag, layout_loops_corners, basic_altar,
          minmay_rat_gold_closets, uniq_terence, uniq_robin, uniq_sigmund

Action                   || total
-------------------------++-------
Melee: Falchion          ||    42
Evoke: Wand              ||     2
  Use: Potion            ||     2
       Scroll            ||     2
Armor: Robe              ||     8
       Chain mail        ||    26
Dodge: Dodged            ||    47
